 Dungeon Crawl Stone Soup version 0.29.0-11-gd7f09526c8 (webtiles) character file.

Game seed: 8954544211418952864

204 pacmanke6689 the Cudgeller (level 6, -2/45 (47) HPs)
             Began as a Human Fighter on Sept 4, 2022.
             Slain by a gnoll
             ... wielding a +1 spear of pain
              (3 damage)
             ... on level 3 of the Dungeon.
             The game lasted 00:06:25 (3074 turns).

pacmanke6689 the Cudgeller (Human Fighter)          Turns: 3074, Time: 00:06:25

HP:   -2/45 (47)    AC:  8    Str: 18    XL:     6   Next: 9%
MP:   6/6           EV:  9    Int:  9    God:
Gold: 95            SH:  4    Dex: 12    Spells: 5/5 levels left

rFire   . . .      SeeInvis .   a - +1 flail
rCold   . . .      Faith    .   c - +0 buckler
rNeg    . . .      Spirit   .   b - +1 scale mail
rPois   .          Reflect  .   (no helmet)
rElec   .          Harm     .   (no cloak)
rCorr   .          Rampage  .   (no gloves)
Will    .....                   (no boots)
Stlth   ..........              (no amulet)
HPRegen 0.15/turn               (no ring)
MPRegen 0.10/turn               (no ring)

@: on berserk cooldown, slowed, lightly drained, very slow
A: no striking features
a: no special abilities


You were on level 3 of the Dungeon.
You visited 1 branch of the dungeon, and saw 3 of its levels.

You collected 95 gold pieces.

Inventory:

Hand Weapons
 a - a +1 flail (weapon)
 e - a +0 flail of draining
Armour
 b - a +1 scale mail (worn)
 c - a +0 buckler (worn)
Jewellery
 g - a ring of protection from cold
 i - a ring of magical power
Wands
 h - a wand of flame (7)
Scrolls
 l - a scroll of enchant armour
Potions
 d - a potion of attraction {unknown}
 f - a potion of magic
 k - a potion of degeneration


   Skills:
 + Level 3.6 Fighting
 + Level 3.8 Maces & Flails
 + Level 3.7 Armour
 + Level 2.1 Dodging
 + Level 3.5 Shields


You had 5 spell levels left.
You didn't know any spells.
Your spell library was empty.

Dungeon Overview and Level Annotations

Branches:
Dungeon (3/15)

Altars:

Shops:
D:1 (


Message History

You are exhausted.
You feel yourself slow down.
You see here a +0 dagger.
The giant cockroach closely misses you. The giant cockroach barely misses you.
You closely miss the giant cockroach.
The giant cockroach barely misses you. x2
You completely miss the giant cockroach.
The giant cockroach bites you but does no damage. x2
You closely miss the giant cockroach. You block the giant cockroach's attack.
The giant cockroach bites you but does no damage.
You closely miss the giant cockroach. The giant cockroach barely misses you.
The gnoll hits you but does no damage.
You writhe in agony.
The giant cockroach bites you.
The giant cockroach bites you but does no damage.
The gnoll barely misses you.
You hit the giant cockroach.
The giant cockroach is almost dead.
The giant cockroach closely misses you.
The gnoll hits you from afar with a +1 spear of pain.
* * * LOW HITPOINT WARNING * * *
The giant cockroach closely misses you.
You hit the giant cockroach but do no damage.
The giant cockroach is almost dead.
The gnoll closely misses you.
The giant cockroach bites you but does no damage.
The gnoll completely misses you. The giant cockroach bites you.
* * * LOW HITPOINT WARNING * * *
You hit the giant cockroach.
You kill the giant cockroach!
You block the gnoll's attack.
The gnoll hits you from afar with a +1 spear of pain!
* * * LOW HITPOINT WARNING * * *
You block the gnoll's attack.
The gnoll hits you with a +1 spear of pain.
* * * LOW HITPOINT WARNING * * *
Things that are here:
a +0 whip; a +0 spear; a gnoll corpse You hit the gnoll.
The gnoll is lightly wounded.
The gnoll hits you with a +1 spear of pain.
You die...

.. #.5# ..#
...###..###....
#......g.g.# .g.
#.......gw.# #... .
...###..###.....w..
.. .. #..# .......
.... ##..## ....
.... ##...g## #..#
.....##..##@)##$.#
#........).....#
#####.##...#####
#######.##.###
#.....)<##.####
......##.......#
##.## #)#####.. #.#
.............r.


You could see a gnoll.

Vanquished Creatures
  Ijyb (D:2)
  Natasha (D:2)
  Robin (D:2)
  3 gnolls (D:3)
  6 adders
  A dart slug (D:2)
  2 orcs (D:3)
  5 ball pythons
  4 bats
  3 endoplasms (D:1)
  2 giant cockroaches
  10 goblins
  2 hobgoblins (D:2)
  4 jackals
  3 kobolds
  4 quokkas
  4 frilled lizards
  8 rats
64 creatures vanquished.

Notes
Turn   | Place    | Note
-------+----------+-------------------------------------------
     0 | D:1      | pacmanke6689 the Human Fighter began the quest for the Orb.
     0 | D:1      | Reached XP level 1. HP: 18/18 MP: 1/1
   228 | D:1      | Reached XP level 2. HP: 24/24 MP: 2/2
   451 | D:1      | Found Tigor's Weapon Shoppe.
   452 | D:1      | You fall into a shaft and drop 1 floor!
   557 | D:2      | Reached XP level 3. HP: 22/29 MP: 3/3
   826 | D:2      | Noticed Robin
   842 | D:2      | Killed Robin
  1172 | D:2      | Reached XP level 4. HP: 29/35 MP: 4/4
  1433 | D:2      | Noticed Natasha
  1445 | D:2      | Killed Natasha
  1446 | D:2      | Reached skill level 1 in Dodging
  1716 | D:2      | Reached XP level 5. HP: 41/41 MP: 5/5
  2021 | D:2      | Found a faded altar of an unknown god.
  2717 | D:3      | Noticed Ijyb
  2727 | D:3      | Paralysed by Ijyb for 3 turns
  2733 | D:3      | Paralysed by Ijyb for 4 turns
  2746 | D:2      | Killed Ijyb
  3057 | D:3      | Reached XP level 6. HP: 34/47 MP: 6/6
  3073 | D:3      | HP: 1/45 [gnoll/+1 spear of pain (3)]
  3074 | D:3      | Slain by a gnoll

Illustrated notes

Levels and vault maps discovered:
D:1:      wheals_arrival_shading, layout_loops_corners, serial_shops, shop
D:2:      layout_loops_ring, ebering_ecumenical_altar_hall,
          kennysheep_generic_room_16, uniq_robin, uniq_natasha
D:3:      lemuel_castle_with_subvaults [lemuel_castle_interior_carwin_2],
          layout_loops_cross, trog_book, chequers_serial_rivers_marsh,
          skrybe_limestone_x, palyth_stone_intersect, uniq_ijyb

Skill      XL: |  1  2  3  4  5 |
---------------+----------------+-----
Dodging        | 1 2 |  2.1
Maces & Flails | 3 |  3.8
Fighting       | |  3.6
Armour         | |  3.7
Shields        | |  3.5

Action                   |  1- 3 |  4- 6 || total
-------------------------+-------+-------++-------
Melee: Flail             |    69 |   128 ||   197
  Use: Scroll            |     3 |     4 ||     7
       Potion            |     1 |     1 ||     2
Armor: Scale mail        |    48 |   102 ||   150
Dodge: Dodged            |    20 |   115 ||   135
Block: Buckler           |    10 |    42 ||    52
